 Seeded DCSS version 0.29.1-12-g30fa7ad0bf (webtiles) character file.

Game seed: 1 (custom seed)

2182 Kazon the Covert (level 9, -2/68 HPs)
             Began as a Vampire Gladiator on Jan 9, 2023.
             Slain by Maggie
             ... wielding a +0 glaive
              (4 damage)
             ... on level 6 of the Dungeon.
             The game lasted 00:18:02 (4074 turns).

Kazon the Covert (Vampire Gladiator)                Turns: 4074, Time: 00:18:04

Health: -2/68      AC: 10    Str: 17    XL:     9   Next: 11%
Magic:  9/9        EV: 14    Int: 10    God:
Gold:   210        SH:  4    Dex: 16    Spells: 8/8 levels left

rFire   . . .      SeeInvis +   s - +3 falchion of Winter {venom, rCorr}
rCold   + + .      Faith    .   c - +0 buckler
rNeg    + . .      Spirit   .   F - +3 leather armour {rC+}
rPois   .          Reflect  .   z - +0 helmet
rElec   .          Harm     .   (no cloak)
rCorr   +          Rampage  .   (no gloves)
Will    .....                   m - +2 pair of boots
Stlth   ++++......              g - amulet of the acrobat
HPRegen 0.41/turn               r - ring of positive energy
MPRegen 0.11/turn               G - ring of protection from cold

@: on berserk cooldown, healing quickly, slowed, very slow
A: alive, fangs 3, see invisible, vampiric 2
a: Exsanguinate


You were on level 6 of the Dungeon.
You visited 1 branch of the dungeon, and saw 6 of its levels.

You collected 394 gold pieces.
You spent 184 gold pieces at shops.

Inventory:

Hand Weapons
 e - a +2 dagger of venom
 s - the +3 falchion of Winter (weapon) {venom, rCorr}
   (You bought it in a shop on level 3 of the Dungeon)

   It poisons the flesh of those it strikes.
   rCorr:     It protects you from acid and corrosion.
Missiles
 d - 4 throwing nets
 l - 6 stones (quivered)
 o - 5 boomerangs
 u - a javelin
 A - 2 curare-tipped darts
Armour
 c - a +0 buckler (worn)
 f - a +4 ring mail of positive energy
 m - a +2 pair of boots (worn)
 z - a +0 helmet (worn)
 F - a +3 leather armour of cold resistance (worn)
Jewellery
 g - an amulet of the acrobat (around neck)
 r - a ring of positive energy (left hand)
 G - a ring of protection from cold (right hand)
Wands
 y - a wand of mindburst (20)
 D - a wand of flame (9)
Scrolls
 i - 7 scrolls of identify
 n - 2 scrolls of immolation {unknown}
 p - a scroll of poison {unknown}
 q - a scroll of fog {unknown}
 t - a scroll of teleportation {unknown}
 v - 2 scrolls of noise {unknown}
 w - a scroll of magic mapping {unknown}
 C - a scroll of enchant weapon {unknown}
Potions
 a - 2 potions of ambrosia {unknown}
 b - a potion of berserk rage
 h - 2 potions of haste {unknown}
 j - a potion of attraction {unknown}
 k - a potion of flight {unknown}
 x - 3 potions of lignification {unknown}
 B - a potion of magic {unknown}
 E - a potion of cancellation {unknown}
 H - a potion of might


   Skills:
 + Level 5.2 Fighting
 + Level 5.3(7.4) Short Blades
 + Level 7.2(7.9) Long Blades
 + Level 4.7 Throwing
 + Level 4.2 Armour
 + Level 6.9 Dodging
 + Level 8.1 Stealth
 + Level 0.8 Shields
 * Level 2.2 Evocations


You had 8 spell levels left.
You didn't know any spells.
Your spell library contained the following spells:

 Spells                   Type           Power      Damage    Failure   Level
 Apportation              Tloc           0%         N/A       52%         1
 Necrotise                Necr           0%         1d4       52%         1
 Sting                    Tmut/Pois      0%         1d3       52%         1
 Summon Small Mammal      Summ           0%         N/A       52%         1
 Poisonous Vapours        Pois/Air       0%         N/A       67%         2
 Olgreb's Toxic Radiance  Pois           0%         N/A       99%         4
 Fireball                 Conj/Fire      0%         3d3       100%        5
 Iskenderun's Battlesphe  Conj           0%         2d6       100%        5
 Conjure Ball Lightning   Conj/Air       0%         3x3d6     100%        6
 Orb of Destruction       Conj           0%         9d5       100%        7


Dungeon Overview and Level Annotations

Branches:
Dungeon (6/15)
 Temple: D:4-7

Altars:
Hepliaklqana

Shops:
D:3 (

Annotations:
D:6 Maggie


Innate Abilities, Weirdness & Mutations

Your natural rate of healing is accelerated.
You have razor-sharp teeth.
You have supernaturally acute eyesight. (SInv)
You are afflicted with vampirism and can become a bat while bloodless.


Message History

The phantom hits you but does no damage.
You closely miss the phantom.
The phantom is lightly damaged.
You slash the phantom!
The phantom is severely damaged.
Maggie barely misses you. The phantom misses you.
You slash the phantom!
You destroy the phantom!
Found a silvery potion.
The iguana bites you!
Maggie says, "Leave now, and tell all of Margery's mercy!"
Maggie completely misses you.
You hit Maggie.
Maggie is poisoned.
Your bite misses Maggie.
Maggie is lightly wounded.
You block the iguana's attack. The iguana bites you.
Maggie hits you with a +0 glaive!
* * * LOW HITPOINT WARNING * * *
You hit Maggie.
Maggie is moderately wounded.
You closely miss Maggie.
Maggie is moderately wounded.
The iguana bites you.
* * * LOW HITPOINT WARNING * * *
The iguana bites you.
* * * LOW HITPOINT WARNING * * *
Maggie hits you with a +0 glaive.
* * * LOW HITPOINT WARNING * * *
You are no longer berserk.
You are exhausted.
You feel yourself slow down. Maggie completely misses you.
The iguana attacks as you move away! The iguana misses you.
The iguana attacks as you move away! The iguana misses you.
A shadow imp comes into view.
There is an open door here.
The shadow imp shouts, "Away with thee, thou qualling pallid yak-dropping!"
You slash the iguana!
The iguana is poisoned.
You bite the iguana.
The iguana is severely wounded.
The iguana barely misses you. Maggie closely misses you. The iguana bites you!
* * * LOW HITPOINT WARNING * * *
Maggie hits you from afar with a +0 glaive.
You die...

.# ...#+ .# .....
.. # ....!. #.# #
...... #5. .+
..#...# #.# .#
....... #.# .#
!......###.# .#
.......@##.# .#
...#'#.ll@.# .#
#####)# .# #)# .#
#)#
.######+#########.#
...............)).#
..........#########
###########


You could see Maggie (very poisoned), 2 iguanas and a shadow imp.

Vanquished Creatures
  Eustachio (D:5)
  Menkaure (D:5)
  Edmund (D:6)
  A water moccasin (D:5)
  An orc warrior (D:6)
  A sky beast (D:5)
  3 centaurs
  An ogre (D:6)
  A phantom (D:6)
  A necrophage (D:5)
  5 scorpions
  A howler monkey (D:5)
  A hound (D:4)
  5 orc priests
  4 iguanas
  Robin (D:3)
  6 gnolls
  12 adders
  A shadow imp (D:6)
  An ufetubus (D:5)
  3 worms
  14 orcs
  11 endoplasms
  A giant cockroach (D:1)
  16 goblins
  9 hobgoblins
  A jackal (D:4)
  4 kobolds
  A quokka (D:1)
  5 ball pythons
  4 bats
  2 frilled lizards (D:2)
  6 rats
126 creatures vanquished.

Notes
Turn   | Place    | Note
-------+----------+-------------------------------------------
     0 | D:1      | Kazon the Vampire Gladiator began the quest for the Orb.
     0 | D:1      | Reached XP level 1. HP: 16/16 MP: 1/1
    33 | D:1      | Identified a scroll of acquirement
    33 | D:1      | Acquired a +4 ring mail of positive energy
   169 | D:1      | Reached XP level 2. HP: 22/22 MP: 2/2
   834 | D:2      | Gained mutation: You are afflicted with vampirism and can
                  | become a bat while bloodless. [Vampire growth]
   834 | D:2      | Reached XP level 3. HP: 27/27 MP: 3/3
  1166 | D:2      | Reached XP level 4. HP: 25/33 MP: 4/4
  1348 | D:3      | Found Umat's Antique Weapon Boutique.
  1376 | D:3      | Bought a crude falchion for 184 gold pieces
  1376 | D:3      | Identified the +3 falchion of Winter {venom, rCorr} (You
                  | bought it in a shop on level 3 of the Dungeon)
  1560 | D:3      | Reached skill level 1 in Short Blades
  1669 | D:3      | Reached XP level 5. HP: 39/39 MP: 5/5
  1676 | D:3      | Noticed Robin
  1698 | D:3      | Killed Robin
  1699 | D:3      | Reached skill level 1 in Stealth
  1771 | D:3      | Reached skill level 5 in Short Blades
  1771 | D:3      | Reached skill level 7 in Stealth
  1771 | D:3      | Reached XP level 6. HP: 50/50 MP: 6/6
  2464 | D:4      | Found a hazy altar of Hepliaklqana.
  2480 | D:4      | Reached XP level 7. HP: 54/55 MP: 7/7
  2909 | D:5      | Entered Level 5 of the Dungeon
  2985 | D:5      | Noticed Eustachio
  3060 | D:5      | Reached skill level 5 in Fighting
  3162 | D:5      | Reached skill level 1 in Evocations
  3164 | D:5      | Noticed Menkaure
  3179 | D:5      | Killed Menkaure
  3180 | D:5      | Reached XP level 8. HP: 43/62 MP: 8/8
  3646 | D:5      | Killed Eustachio
  3999 | D:6      | Reached skill level 8 in Stealth
  4017 | D:6      | Noticed Edmund
  4031 | D:6      | Killed Edmund
  4032 | D:6      | Reached XP level 9. HP: 23/68 MP: 9/9
  4051 | D:6      | Noticed Maggie
  4074 | D:6      | HP: 2/68 [iguana (7)]
  4074 | D:6      | Slain by Maggie

Illustrated notes

Levels and vault maps discovered:
D:1:      dpeg_arrival_three_smaller_balls, layout_basic
D:2:      layout_loops_ring
D:3:      layout_basic, serial_shops, nicolae_shop_stone, st_stairs_9,
          minmay_misc_feat_doors, eino_curves_03, uniq_robin
D:4:      minmay_wonky_spiral, layout_basic,
          mainiacjoe_overflow_surrounded_room, minivault_5
D:5:      layout_cave_pods, uniq_menkaure, uniq_eustachio
D:6:      cheibrodos_barr_body, layout_basic, minmay_crystal_room,
          minmay_pentangle, uniq_maggie, uniq_edmund

Skill      XL: |  1  2  3  4  5  6  7  8 |
---------------+-------------------------+-----
Fighting       | 2 4 5 |  5.2
Dodging        | 4 6 |  6.9
Throwing       | 2 4 |  4.7
Short Blades   | 1 5 |  5.3
Long Blades    | 4 6 7 |  7.2
Stealth        | 7 8 |  8.1
Armour         | 3 4 |  4.2
Evocations     | 1 2 |  2.2
Shields        | |  0.8

Action                   |  1- 3 |  4- 6 |  7- 9 || total
-------------------------+-------+-------+-------++-------
Melee: Long sword        |    52 |       |       ||    52
       Bite              |     7 |    16 |    24 ||    47
       Dagger            |    15 |    45 |    55 ||   115
       Falchion          |       |    66 |   152 ||   218
       Punch             |       |       |     2 ||     2
Throw: Stone             |     7 |    17 |    28 ||    52
       Boomerang         |       |       |     2 ||     2
  Use: Scroll            |     1 |       |     2 ||     3
       Potion            |       |     1 |     1 ||     2
 Stab: Sleeping          |       |     5 |     4 ||     9
Armor: Leather armour    |    11 |       |    19 ||    30
       Ring mail         |    13 |    45 |    41 ||    99
Dodge: Dodged            |    35 |    75 |   156 ||   266
Block: Buckler           |       |       |    25 ||    25
